 Dungeon Crawl Stone Soup version 0.30-a0-964-gd452b5e7fa (webtiles) character file.

Game seed: 15885926661498532489

618 funkygono the Chopper (level 7, -2/61 HPs)
             Began as a Minotaur Fighter on Mar 30, 2023.
             Slain by a gnoll
             ... wielding a +0 spear
             ... led by a gnoll bouda
              (6 damage)
             ... on level 4 of the Dungeon.
             The game lasted 00:04:46 (3086 turns).

funkygono the Chopper (Minotaur Fighter)            Turns: 3086, Time: 00:04:46

Health: -2/61      AC:  7    Str: 23    XL:     7   Next: 21%
Magic:  6/6        EV: 10    Int:  5    God:
Gold:   389        SH:  4    Dex:  9    Spells: 6/6 levels left

rFire   . . .      SeeInvis .    a - +0 war axe
rCold   . . .      Faith    .    c - +0 buckler
rNeg    . . .      Spirit   .    b - +0 scale mail
rPois   .          Reflect  .    (helmet restricted)
rElec   .          Rampage  .    (no cloak)
rCorr   .                        (no gloves)
Will    .....                    (no boots) Stlth
                                 (no amulet)
HPRegen 0.30/turn                (no ring)
MPRegen 0.10/turn                (no ring)

@: no status effects
A: horns 2, retaliatory headbutt
a: no special abilities


You were on level 4 of the Dungeon.
You visited 1 branch of the dungeon, and saw 4 of its levels.
You also visited: Ossuary.

You collected 389 gold pieces.

Inventory:

Hand Weapons
 a - a +0 war axe (weapon)
Missiles
 g - 4 poisoned darts (quivered)
 n - 8 boomerangs
Armour
 b - a +0 scale mail (worn)
 c - a +0 buckler (worn)
Jewellery
 o - a ring of poison resistance
 y - a ring of see invisible
Scrolls
 e - a scroll of acquirement {unknown}
 h - 6 scrolls of identify {unknown}
 i - a scroll of vulnerability {unknown}
 j - 2 scrolls of brand weapon {unknown}
 l - a scroll of torment {unknown}
 m - 5 scrolls of teleportation {unknown}
 q - 2 scrolls of amnesia {unknown}
 r - 2 scrolls of immolation {unknown}
 t - a scroll of poison {unknown}
 u - a scroll of silence {unknown}
 v - a scroll of fear {unknown}
 w - a scroll of fog {unknown}
 x - a scroll of enchant weapon {unknown}
Potions
 d - a potion of might
 f - 2 potions of invisibility {unknown}
 k - a potion of curing {unknown}
 p - 2 potions of brilliance {unknown}
 s - 5 potions of lignification {unknown}


   Skills:
 + Level 5.4 Fighting
 + Level 6.6 Axes
 + Level 5.4 Armour
 + Level 2.0 Dodging
 + Level 0.1 Stealth
 + Level 4.8 Shields


You had 6 spell levels left.
You didn't know any spells.
Your spell library contained the following spells:

 Spells                   Type           Power      Damage    Failure   Level
 Chain Lightning          Conj/Air       0%         N/A       100%        9
 Fire Storm               Conj/Fire      0%         5d1       100%        9
 Shatter                  Erth           0%         3d5*      100%        9


Dungeon Overview and Level Annotations

Branches:
Dungeon (4/15)            Ossuary (visited)
 Temple: D:4-7

Altars:
Elyvilon
Zin
The Shining One


Innate Abilities, Weirdness & Mutations

You have a pair of horns on your head.
You reflexively headbutt those who attack you in melee.


Message History

You block the gnoll's attack.
You hit the gnoll. Your headbutt misses the gnoll.
The gnoll is severely wounded.
You hit the gnoll but do no damage. You completely miss the gnoll bouda.
The gnoll is no longer moving quickly.
The gnoll hits you with a +0 whip. The gnoll barely misses you.
The gnoll bouda hits you with a +0 whip!
The gnoll hits you with a +2 halberd of protection!
You closely miss the gnoll. You headbutt the gnoll.
You kill the gnoll!
You hit the gnoll.
You hit the gnoll bouda but do no damage.
Your attacks no longer feel as feeble.
The gnoll hits you from afar with a +0 spear.
* * * LOW HITPOINT WARNING * * *
The gnoll bouda hits you with a +0 whip.
* * * LOW HITPOINT WARNING * * *
The gnoll hits you with a +2 halberd of protection.
* * * LOW HITPOINT WARNING * * *
Unknown command.
You closely miss the gnoll.
The gnoll is moderately wounded.
You hit the gnoll bouda.
The gnoll hits you from afar with a +0 spear.
* * * LOW HITPOINT WARNING * * *
The gnoll bouda hits you but does no damage.
The gnoll closely misses you. You furiously retaliate!
You headbutt the gnoll!
You kill the gnoll!
The gnoll hits you with a +0 spear.
* * * LOW HITPOINT WARNING * * *
The gnoll bouda barely misses you.
You slash the gnoll bouda!
The gnoll bouda is heavily wounded.
You barely miss the gnoll. The gnoll barely misses you.
The gnoll bouda barks out a call to the hunt!
The gnoll picks up the pace!
The gnoll bouda hits you with a +0 whip.
* * * LOW HITPOINT WARNING * * *
The gnoll hits you with a +0 spear.
You die...

#.........# #.........#
#.........# #.........# #..
#.........# .....#.........#
....#.........# #####
...#.g.......#####....
#####'#.@g......#...'....
#.........#######...#....
#.......))#.........#....
#.........#.........#.... ..#
#.........#.........#.... ..#
#.....†...#.........#....
..#######.........#...###..##....
.............########'######.....
.............#...#.....#...#.....


You could see a gnoll bouda and a gnoll (swift).

Vanquished Creatures
  A phantom (D:4)
  2 scorpions (D:4)
  A hound (D:4)
  An orc priest (D:3)
  3 iguanas (D:4)
  Terence (D:3)
  8 mummies (Ossuary)
  2 gnolls (D:4)
  4 adders
  An ufetubus (D:4)
  2 worms (D:2)
  3 dart slugs
  9 orcs
  3 ball pythons
  4 endoplasms
  2 giant cockroaches
  2 gnoll zombies (Ossuary)
  5 goblins
  7 hobgoblins
  4 jackals (D:1)
  6 kobolds
  3 quokkas
  9 bats
  5 frilled lizards (D:1)
  3 hobgoblin zombies (Ossuary)
  A kobold zombie (Ossuary)
  2 orc zombies (Ossuary)
  7 rats
101 creatures vanquished.

Notes
Turn   | Place    | Note
-------+----------+-------------------------------------------
     0 | D:1      | funkygono the Minotaur Fighter began the quest for the Orb.
     0 | D:1      | Reached XP level 1. HP: 19/19 MP: 0/0
    34 | D:1      | Reached XP level 2. HP: 24/27 MP: 1/1
   190 | D:1      | Reached XP level 3. HP: 33/33 MP: 2/2
   873 | D:2      | Reached skill level 3 in Axes
  1062 | D:2      | Reached XP level 4. HP: 40/40 MP: 3/3
  1242 | D:3      | Reached skill level 1 in Dodging
  1274 | D:3      | Noticed Terence
  1278 | D:3      | Killed Terence
  1279 | D:3      | Reached skill level 4 in Axes
  1279 | D:3      | Reached XP level 5. HP: 47/47 MP: 4/4
  1470 | D:3      | Found a glowing silver altar of Zin.
  1477 | D:3      | Found a white marble altar of Elyvilon.
  1717 | D:3      | Found a glowing golden altar of the Shining One.
  2167 | D:4      | Found a sand-covered staircase.
  2182 | Ossuary  | Entered an ossuary
  2227 | Ossuary  | Reached XP level 6. HP: 55/55 MP: 5/5
  2228 | Ossuary  | Reached skill level 5 in Axes
  2547 | D:4      | Reached skill level 5 in Fighting
  2547 | D:4      | Reached skill level 5 in Armour
  2578 | D:4      | Reached skill level 6 in Axes
  2646 | D:4      | Reached XP level 7. HP: 48/61 MP: 6/6
  3086 | D:4      | Slain by a gnoll

Illustrated notes

Levels and vault maps discovered:
D:1:      eino_arrival_water_star, layout_rooms
D:2:      layout_basic, st_stairs_7, minivault_11
D:3:      layout_basic, dreamdust_divine_triumvirate, uniq_terence
D:4:      layout_gridville, nicolae_ossuary_entry_ruins, minmay_box_of_dots

Skill      XL: |  1  2  3  4  5  6 |
---------------+-------------------+-----
Shields        | 4 |  4.8
Fighting       | 4 5 |  5.4
Armour         | 4 5 |  5.4
Axes           | 3 4 6 |  6.6
Dodging        | 1 2 |  2.0
Stealth        | |  0.1

Action                     |  1- 3 |  4- 6 |  7- 9 || total
---------------------------+-------+-------+-------++-------
  Melee: War axe           |    90 |   106 |    23 ||   219
         Headbutt          |    11 |    19 |     3 ||    33
 Armour: Scale mail        |    55 |    55 |     5 ||   115
  Dodge: Dodged            |    35 |    49 |    18 ||   102
  Block: Buckler           |    33 |    30 |     2 ||    65

Table legend: (Time is in decaauts)
 A = Elapsed time spent in this place.
 B = Non-inter-level travel time spent in this place.
 C = Inter-level travel time spent in this place.
 D = Time resting spent in this place.
 E = Time spent auto-exploring this place.
 F = Levels seen in this place.
 G = Mean time per level.
                   A        B        C        D        E       F      G
               +--------+--------+--------+--------+--------+-----+--------+
         Total |   3158 |   3053 |    105 |     73 |   2152 |   5 |  631.6 |
       Dungeon |   2803 |   2698 |    105 |     73 |   1908 |   4 |  700.8 |
       Ossuary |    354 |    354 |      0 |      0 |    244 |   1 |  354.0 |
               +--------+--------+--------+--------+--------+-----+--------+

Top non-repeatable levels by time:
     D:4: 836 daAuts
     D:2: 821 daAuts
     D:3: 759 daAuts
     D:1: 385 daAuts
 Ossuary: 354 daAuts
